AoeStats
← jcsoriano1

Arabia

509793101Analyzed
1v1 RM · 3d ago on Sep 28, 2026· 39m 47s· 2 players
Game mode
Random Map
Map size
Tiny (2 player)
Population
200
Speed
Normal
Resources
Standard
Victory
Conquest
Starting age
Dark Age
Ending age
Imperial Age
RankedLock teamsTeams togetherTeam positionsShared explorationLock speedFull tech treeHidden civsTurbo modeCheats
Victory
Defeat
🇺🇸 Magyars · United States
908
+15
🇲🇽 Spanish · Mexico
892
-15
jcsoriano1
10:57 Feudal Age
10:06 Loom
12:46 Double-Bit Axe
19:34 Castle Age
18:29 Gold Mining
20:51 Husbandry
27:58 Scale Barding Armor
28:24 Elite Skirmisher
31:49 Horse Collar
33:13 Wheelbarrow
33:22 Bow Saw
33:28 Fletching
34:07 Bodkin Arrow
35:22 Padded Archer Armor
35:46 Heavy Plow
36:54 Inquisition
39:54 Imperial Age
38:13 Hand Cart
38:30 Stone Mining
38:27 Town Watch
Morgan Wyrd
7:00 Loom
9:32 Feudal Age
10:29 Double-Bit Axe
15:47 Scale Barding Armor
19:41 Wheelbarrow
22:53 Castle Age
20:39 Horse Collar
24:31 Padded Archer Armor
24:21 Fletching
25:21 Husbandry
25:32 Bloodlines
24:43 Light Cavalry
25:41 Gold Mining
25:42 Stone Mining
26:29 Bodkin Arrow
26:50 Leather Archer Armor
27:57 Gold Shaft Mining
28:11 Thumb Ring
30:32 Hand Cart
33:28 Bow Saw
37:08 Imperial Age
36:29 Ballistics
36:05 Murder Holes
37:19 Corvinian Army
38:57 Conscription
38:05 Heavy Cavalry Archer
39:11 Parthian Tactics
Connection lost

Rejoining the realm…

Still unreachable

The connection could not be restored.

Session expired

The server has moved on; the page needs a fresh start.